 Dungeon Crawl Stone Soup version 0.30.1-9-gdf580d7c3d (webtiles) character file.

Game seed: 17623329207915517994

41 Wiggles the Chopper (level 3, -1/33 HPs)
             Began as a Minotaur Berserker on Oct 13, 2023.
             Was a Believer of Trog.
             Slain by a cerulean imp
             ... wielding a +2 spear
             ... summoned by Natasha
              (3 damage)
             ... on level 2 of the Dungeon.
             The game lasted 00:01:11 (602 turns).

Wiggles the Chopper (Minotaur Berserker)             Turns: 602, Time: 00:01:12

Health: -1/33      AC:  5    Str: 23    XL:     3   Next: 32%
Magic:  2/2        EV: 11    Int:  4    God:    Trog [**....]
Gold:   56         SH:  0    Dex:  9    Spells: 2/2 levels left

rFire   . . .        a - +0 hand axe
rCold   . . .        (no shield)
rNeg    . . .        e - +0 ring mail
rPois   .            (helmet restricted)
rElec   .            (no cloak)
rCorr   .            (no gloves)
SInv    .            (no boots)
Will    .....        (no amulet) Stlth
                     (no ring)
HPRegen 0.25/turn    (no ring)
MPRegen 0.08/turn

%: no passive effects
@: no status effects
A: horns 2, retaliatory headbutt
a: Renounce Religion, Berserk, Trog's Hand


You were on level 2 of the Dungeon.
You worshipped Trog.
Trog was pleased with you.
You visited 1 branch of the dungeon, and saw 2 of its levels.

You collected 56 gold pieces.

Inventory:

Hand Weapons
 a - a +0 hand axe (weapon)
Armour
 e - a +0 ring mail (worn)
Scrolls
 c - 2 scrolls of identify {unknown}
 d - a scroll of noise {unknown}
 f - a scroll of vulnerability {unknown}
Potions
 b - a potion of heal wounds {unknown}


   Skills:
 + Level 4.2 Fighting
 + Level 4.4 Axes
 + Level 2.6 Armour
 + Level 2.6 Dodging


You had 2 spell levels left.
You didn't know any spells.
Your spell library was empty.

Dungeon Overview and Level Annotations

Branches:
Dungeon (2/15)

Altars:

Annotations:
D:2 Natasha


Innate Abilities, Weirdness & Mutations

You have a pair of horns on your head.
You reflexively headbutt those who attack you in melee.


Message History

You hit the hobgoblin. The hobgoblin misses you. You furiously retaliate!
You headbutt the hobgoblin.
You kill the hobgoblin!
Trog accepts your kill. The cerulean imp barely misses you.
You miss the cerulean imp. You barely miss something. Something claws you.
The cerulean imp closely misses you.
You are too injured to fight recklessly!
You are too injured to fight recklessly!
You are too injured to fight recklessly!
You completely miss something. Your headbutt misses something.
You closely miss the cerulean imp. Something claws you.
The cerulean imp closely misses you.
You closely miss something. You hit the cerulean imp.
You hear some strange, mumbled words.
The cerulean imp barely misses you. Something claws you.
You barely miss something. You headbutt something.
You barely miss the cerulean imp. The cerulean imp misses you.
You furiously retaliate!
You headbutt the cerulean imp!
The cerulean imp hits you from afar with a +2 spear.
Something claws you.
You miss something. You closely miss the cerulean imp.
The cerulean imp misses you. The cerulean imp barely misses you.
Something claws you.
You hit something but do no damage. You miss the cerulean imp.
The cerulean imp hits you with a +0 spear.
Something claws you.
* * * LOW HITPOINT WARNING * * *
The cerulean imp hits you from afar with a +2 spear.
* * * LOW HITPOINT WARNING * * *
You slash something! Your headbutt misses something. You hit the cerulean imp.
The cerulean imp barely misses you. You furiously retaliate!
You headbutt the cerulean imp!
You kill the cerulean imp!
The cerulean imp disappears in a puff of smoke!
The cerulean imp closely misses you. Something claws you.
* * * LOW HITPOINT WARNING * * *
You hit something but do no damage. Your headbutt misses something.
The cerulean imp hits you from afar with a +2 spear.
You die...

#######
######.....#
........<..+
...........#
.......@.5.#
......ยง{.......
..........#...)
...)......#.....
..........# ....
........... ....
#..######### ...


You could see a cerulean imp (summoned).

Vanquished Creatures
  A dart slug (D:1)
  2 ball pythons (D:1)
  3 endoplasms (D:1)
  3 giant cockroaches (D:1)
  3 goblins (D:1)
  2 hobgoblins
  4 jackals (D:1)
  A quokka (D:1)
  2 bats (D:1)
  3 frilled lizards (D:1)
  7 kobolds (D:1)
  5 rats (D:1)
36 creatures vanquished.

Notes
Turn   | Place    | Note
-------+----------+-------------------------------------------
     0 | D:1      | Wiggles the Minotaur Berserker began the quest for the Orb.
     0 | D:1      | Reached XP level 1. HP: 19/19 MP: 0/0
    55 | D:1      | Reached XP level 2. HP: 24/27 MP: 1/1
   156 | D:1      | Reached ** piety under Trog
   297 | D:1      | Reached XP level 3. HP: 33/33 MP: 2/2
   472 | D:1      | You fall into a shaft and drop 1 floor!
   590 | D:2      | Noticed Natasha
   602 | D:2      | Slain by a cerulean imp

Illustrated notes

Levels and vault maps discovered:
D:1:      lightli_arrival_flooded_house, layout_rooms
D:2:      layout_basic, serial_shops, shop_statue, uniq_natasha

Skill      XL: |  1  2 |
---------------+-------+-----
Axes           | 4 |  4.4
Fighting       | 4 |  4.2
Armour         | |  2.6
Dodging        | |  2.6

Action                     || total
---------------------------++-------
  Melee: Hand axe          ||    68
         Headbutt          ||     7
 Armour: Animal skin       ||    11
         Ring mail         ||     3
  Dodge: Dodged            ||    62
